 Dungeon Crawl Stone Soup version 0.23.0 (webtiles) character file.

Game seed: 3130997388300229532

224 Murks the Fighter (level 6, 0/120 HPs)
             Began as an Ogre Monk on Feb 17, 2019.
             Succumbed to an orc wizard's poison
             ... on level 3 of the Dungeon.
             The game lasted 00:08:04 (2278 turns).

Murks the Fighter (Ogre Monk)                       Turns: 2278, Time: 00:08:05

Health: 0/120      AC: 23    Str: 18    XL:     6   Next: 0%
Magic:  6/6        EV:  1    Int: 16    God:
Gold:   125        SH:  0    Dex: 11    Spells: 5/5 levels left

rFire    . . .     SeeInvis .   i - +1 whip (flame)
rCold    . . .     Gourm    .   (no shield)
rNeg     + + +     Faith    .   (armour currently unavailable)
rPois    +         Spirit   .   (helmet currently unavailable)
rElec    .         Reflect  .   (cloak currently unavailable)
rCorr    +         Harm     .   (gloves unavailable)
MR       .....     NoTele   +   (boots unavailable)
Stlth    ++........             (no amulet)
HPRegen  0.30/turn              h - ring of resist corrosion
MPRegen  0.10/turn              (no ring)

@: brilliant, lethally poisoned (0 -> -3), tree-form
A: large, unfitting armour
a: no special abilities


You were on level 3 of the Dungeon.
You were hungry.
You were a tree.
You visited 1 branch of the dungeon, and saw 3 of its levels.

You collected 125 gold pieces.

Inventory:

Hand Weapons
 i - a +1 whip of flaming (weapon)
Missiles
 a - 19 stones
 r - 2 tomahawks of returning (quivered)
Armour
 b - a +0 robe (melded)
Jewellery
 h - a ring of resist corrosion (left branch)
Scrolls
 d - 2 scrolls of teleportation {unknown}
 e - 2 scrolls of identify
 k - a scroll of amnesia {unknown}
 n - a scroll of fog {unknown}
 o - a scroll of remove curse {unknown}
 q - a scroll of enchant armour {unknown}
Potions
 f - a potion of brilliance
 g - 2 potions of lignification
 j - a potion of resistance {unknown}
 l - a potion of curing {unknown}
Comestibles
 c - 5 rations
 p - 4 chunks of flesh


   Skills:
 - Level 11.6 Fighting
 + Level 9.3 Maces & Flails
 + Level 1.0 Throwing
 - Level 2.6 Dodging
 - Level 1.4 Stealth


You had 5 spell levels left.
You didn't know any spells.
Your spell library was empty.

Dungeon Overview and Level Annotations

Branches:
Dungeon (3/15)

Altars:
Nemelex Xobeh
Qazlal
Sif Muna
Xom
Zin


Innate Abilities, Weirdness & Mutations

You are too large for most types of armour.
((You have tough skin. (AC +1)))


Message History

You feel stronger. x2
* * * LOW HITPOINT WARNING * * *
You feel sick.
The orc wizard points at you and mumbles some strange words.
You resist with some effort.
Throwing (i - inventory. (/) - cycle)
r - 2 tomahawks of returning (quivered)
Press: ? - help, Shift-Dir - straight line, f/p - orc wizard
Aim: an orc wizard, wielding a +0 dagger and wearing a +0 robe (almost dead, fast)
You throw a tomahawk of returning.
The tomahawk of returning hits the orc wizard.
The orc wizard is almost dead.
The tomahawk of returning returns to your pack!
* * * LOW HITPOINT WARNING * * *
You feel sick.
You hit the orc wizard but do no damage.
The orc wizard is almost dead.
The orc wizard hits you but does no damage.
You barely miss the orc wizard.
The orc wizard is almost dead.
You die...

#........÷...#
#.#.#######..#
.....# #..#
#.##.#.# #..#
.. ...#.# #..#
# .## ###
#####.## #
#### #..##)#
#(≈..#8..#.#
#>≈..'.o♣..#
#.≈..#8..###
## #### #..##
.## #### #.#
.#### ....#
.##.# .##.#


You could see an orc wizard.

Vanquished Creatures
  An orc wizard (D:3)
  2 adders (D:2)
  A worm (D:2)
  3 dart slugs
  2 leopard geckos (D:3)
  4 orcs (D:3)
  7 bats
  2 giant cockroaches
  6 hobgoblins
  2 jackals (D:1)
  2 ball pythons
  9 frilled lizards
  4 goblins
  7 kobolds
  8 rats
60 creatures vanquished.

Notes
Turn   | Place    | Note
-------+----------+-------------------------------------------
     0 | D:1      | Murks the Ogre Monk began the quest for the Orb.
     0 | D:1      | Reached XP level 1. HP: 24/24 MP: 1/1
   188 | D:1      | Reached XP level 2. HP: 28/32 MP: 2/2
   667 | D:1      | Reached XP level 3. HP: 38/39 MP: 3/3
  1169 | D:2      | Found a shimmering altar of Xom.
  1169 | D:2      | Found a sparkling altar of Nemelex Xobeh.
  1251 | D:2      | Reached XP level 4. HP: 18/48 MP: 4/4
  1573 | D:2      | Found a stormy altar of Qazlal.
  1728 | D:2      | Found a glowing silver altar of Zin.
  2227 | D:3      | Found a deep blue altar of Sif Muna.
  2264 | D:3      | Reached skill level 1 in Throwing
  2264 | D:3      | Reached XP level 5. HP: 19/54 MP: 5/5
  2271 | D:3      | HP: 4/81 [poisoned by an orc wizard]
  2274 | D:3      | HP: 1/81 [poisoned by an orc wizard]
  2275 | D:3      | Reached skill level 11 in Fighting
  2275 | D:3      | Reached XP level 6. HP: 2/80 MP: 6/6
  2278 | D:3      | Succumbed to an orc wizard's poison

Skill      XL: |  1  2  3  4  5 |
---------------+----------------+-----
Maces & Flails | 3 4 9 |  9.3
Throwing       | 1 |  1.0
Fighting       | 11 | 11.6
Dodging        | |  2.6
Stealth        | |  1.4

Action                   |  1- 3 |  4- 6 || total
-------------------------+-------+-------++-------
Melee: Mace              |    43 |       ||    43
       Whip              |    94 |    69 ||   163
Throw: Stone             |    16 |    12 ||    28
       Tomahawk          |       |     3 ||     3
  Use: Scroll            |     1 |       ||     1
       Potion            |       |     3 ||     3
 Stab: Sleeping          |     4 |     1 ||     5
  Eat: Chunk             |     1 |     3 ||     4
Armor: Robe              |    35 |     9 ||    44
       Skin              |       |     5 ||     5
Dodge: Dodged            |    76 |    21 ||    97
